TOP OF THE 1ST |
Wichita Aeros batting - Pitching for Tulsa Drillers : RHP Alex Mazariegos
|
Pitching: RHP Alex Mazariegos
|
|
Batting: SHB Gary Pettis
|
0-0: Called Strike 0-1: Foul Ball, location: 2F 0-2: Ball 1-2: Ball 2-2: Ground out 4-3 (Groundball, 4, EV 88.1 MPH)
|
Batting: RHB Greg Cypret
|
0-0: Ball 1-0: Foul Ball, location: 2F 1-1: Ball 2-1: Foul Ball, location: 2F 2-2: Ball 3-2: Foul Ball, location: 2F 3-2: Foul Ball, location: 2F 3-2: Foul Ball, location: 2F 3-2: DOUBLE (Flyball, 89D, EV 93.1 MPH)
|
Batting: LHB Michael Barnes
|
0-0: Called Strike 0-1: Foul Ball, location: 2F 0-2: Ball 1-2: Ground out 5-3 (Groundball, 5, EV 99.4 MPH)
|
Batting: LHB Omar Guerrero
|
0-0: Ball 1-0: Ball 2-0: Foul Ball, location: 2F 2-1: Foul Ball, location: 2F 2-2: Ball 3-2: Base on Balls
|
Batting: LHB James Pellack
|
0-0: Ball 1-0: Ball 2-0: Called Strike 2-1: Ball 3-1: Called Strike 3-2: Base on Balls Greg Cypret to third Omar Guerrero to second
|
Batting: RHB Gary House
|
0-0: Ball 1-0: Ball 2-0: Called Strike 2-1: SINGLE (Groundball, 34D, EV 94.4 MPH) Greg Cypret scores Omar Guerrero to third James Pellack to second Runner from 3rd tries for Home, SAFE, throw by RF to home
|
Batting: LHB Jesus Ramos
|
0-0: Called Strike 0-1: Ground out 1-3 (Groundball, 15S, EV 68.1 MPH)
|
Top of the 1st over - 2 runs, 2 hits, 0 errors, 2 left on base; Wichita 2 - Tulsa 0 |
BOTTOM OF THE 1ST |
Tulsa Drillers batting - Pitching for Wichita Aeros : RHP Brent Gaff
|
Pitching: RHP Brent Gaff
|
|
Batting: SHB Paul Householder
|
0-0: Ball 1-0: Foul Ball, location: 2F 1-1: Foul Ball, location: 2F 1-2: Ground out 4-3 (Groundball, 4S, EV 75.6 MPH)
|
Batting: RHB Victor Rios
|
0-0: Ball 1-0: Ball 2-0: Ground out 4-3 (Groundball, 4, EV 90.0 MPH)
|
Batting: LHB Jim Adduci
|
0-0: Called Strike 0-1: Called Strike 0-2: Strikes out looking
|
Bottom of the 1st over - 0 runs, 0 hits, 0 errors, 0 left on base; Wichita 2 - Tulsa 0 |
TOP OF THE 2ND |
Wichita Aeros batting - Pitching for Tulsa Drillers : RHP Alex Mazariegos
|
Batting: RHB Bill Hayes
|
0-0: Ground out 6-3 (Groundball, 56D, EV 90.0 MPH)
|
Batting: RHB Victor Mabee
|
0-0: Ground out 6-3 (Groundball, 6, EV 103.8 MPH)
|
Batting: SHB Gary Pettis
|
0-0: Foul Ball, location: 2F 0-1: Ball 1-1: Ball 2-1: Fly out, F8 (Flyball, 8LD, EV 93.8 MPH)
|
Top of the 2nd over - 0 runs, 0 hits, 0 errors, 0 left on base; Wichita 2 - Tulsa 0 |
BOTTOM OF THE 2ND |
Tulsa Drillers batting - Pitching for Wichita Aeros : RHP Brent Gaff
|
Batting: LHB Mike Pagliarulo
|
0-0: Called Strike 0-1: Called Strike 0-2: Strikes out looking
|
Batting: LHB Randy Braun
|
0-0: Ball 1-0: Swinging Strike 1-1: Fly out, F8 (Flyball, 8RXD, EV 90.6 MPH)
|
Batting: SHB Luis Quinones
|
0-0: Foul Ball, location: 2F 0-1: Called Strike 0-2: Ground out 4-3 (Groundball, 4, EV 93.8 MPH)
|
Bottom of the 2nd over - 0 runs, 0 hits, 0 errors, 0 left on base; Wichita 2 - Tulsa 0 |
TOP OF THE 3RD |
Wichita Aeros batting - Pitching for Tulsa Drillers : RHP Alex Mazariegos
|
Batting: RHB Greg Cypret
|
0-0: SINGLE (Groundball, P, EV 86.3 MPH) (infield hit)
|
Batting: LHB Michael Barnes
|
0-0: Grounds into double play, 4-6-3 (Groundball, 4M, EV 108.8 MPH)
|
Batting: LHB Omar Guerrero
|
0-0: Ball 1-0: Ball 2-0: Ball 3-0: Base on Balls
|
Batting: LHB James Pellack
|
0-0: Ball 1-0: Foul Ball, location: 2F 1-1: Foul Ball, location: 2F 1-2: Ball Omar Guerrero steals 2nd base 2-2: Ground out 4-3 (Groundball, 34D, EV 108.1 MPH)
|
Top of the 3rd over - 0 runs, 1 hit, 0 errors, 1 left on base; Wichita 2 - Tulsa 0 |
BOTTOM OF THE 3RD |
Tulsa Drillers batting - Pitching for Wichita Aeros : RHP Brent Gaff
|
Batting: RHB Bob E Johnson
|
0-0: Foul Ball, location: 2F 0-1: Called Strike 0-2: Ball 1-2: Ball 2-2: Strikes out swinging
|
Batting: RHB Don Ruzek
|
0-0: Ball 1-0: Foul Ball, location: 2F 1-1: Called Strike 1-2: Strikes out swinging
|
Batting: RHB Nick Belmonte
|
0-0: Ball 1-0: Ball 2-0: Foul Ball, location: 2F 2-1: Ground out 5-3 (Groundball, 56S, EV 88.8 MPH)
|
Bottom of the 3rd over - 0 runs, 0 hits, 0 errors, 0 left on base; Wichita 2 - Tulsa 0 |
TOP OF THE 4TH |
Wichita Aeros batting - Pitching for Tulsa Drillers : RHP Alex Mazariegos
|
Batting: RHB Gary House
|
0-0: Swinging Strike 0-1: Ball 1-1: Ball 2-1: Called Strike 2-2: Ball 3-2: Foul Ball, location: 2F 3-2: Fly out, F7 (Flyball, 7D, EV 88.1 MPH)
|
Batting: LHB Jesus Ramos
|
0-0: Called Strike 0-1: Ground out 6-3 (Groundball, 6, EV 85.6 MPH)
|
Batting: RHB Bill Hayes
|
0-0: Ground out 6-3 (Groundball, 6, EV 108.1 MPH)
|
Top of the 4th over - 0 runs, 0 hits, 0 errors, 0 left on base; Wichita 2 - Tulsa 0 |
BOTTOM OF THE 4TH |
Tulsa Drillers batting - Pitching for Wichita Aeros : RHP Brent Gaff
|
Batting: SHB Paul Householder
|
0-0: Called Strike 0-1: Ball 1-1: Foul Ball, location: 2F 1-2: Strikes out swinging
|
Batting: RHB Victor Rios
|
0-0: Called Strike 0-1: Called Strike 0-2: Ball 1-2: Ground out 3-1 (Groundball, 34, EV 86.3 MPH)
|
Batting: LHB Jim Adduci
|
0-0: Ball 1-0: Ball 2-0: Ball 3-0: Called Strike 3-1: Ground out U3 (Groundball, 3, EV 100.0 MPH)
|
Bottom of the 4th over - 0 runs, 0 hits, 0 errors, 0 left on base; Wichita 2 - Tulsa 0 |
TOP OF THE 5TH |
Wichita Aeros batting - Pitching for Tulsa Drillers : RHP Alex Mazariegos
|
Batting: RHB Victor Mabee
|
0-0: Ball 1-0: Ball 2-0: Called Strike 2-1: Foul Ball, location: 2F 2-2: Ball 3-2: Base on Balls
|
Batting: SHB Gary Pettis
|
0-0: Ball 1-0: Ball 2-0: Ball 3-0: Called Strike 3-1: Base on Balls Victor Mabee to second
|
Batting: RHB Greg Cypret
|
0-0: Ball 1-0: Ball 2-0: Bunt missed! 2-1: Bunt missed! 2-2: Foul Ball, location: 2F 2-2: Strikes out swinging
|
Batting: LHB Michael Barnes
|
0-0: Ball 1-0: Ball 2-0: Called Strike 2-1: Ball 3-1: Called Strike 3-2: Strikes out swinging
|
Batting: LHB Omar Guerrero
|
0-0: Ball 1-0: Ball 2-0: Foul Ball, location: 2F 2-1: Foul Ball, location: 2F 2-2: Ball 3-2: Foul Ball, location: 2F 3-2: DOUBLE (Flyball, 8RXD, EV 96.3 MPH) Victor Mabee scores Gary Pettis to third Gary Pettis scores
|
Batting: LHB James Pellack
|
0-0: Ball 1-0: Foul Ball, location: 2F 1-1: Ball 2-1: Swinging Strike 2-2: Ball 3-2: Strikes out looking
|
Top of the 5th over - 2 runs, 1 hit, 0 errors, 1 left on base; Wichita 4 - Tulsa 0 |
BOTTOM OF THE 5TH |
Tulsa Drillers batting - Pitching for Wichita Aeros : RHP Brent Gaff
|
Batting: LHB Mike Pagliarulo
|
0-0: Ball 1-0: Ball 2-0: Ground out 2-3 (Groundball, 2R, EV 72.5 MPH)
|
Batting: LHB Randy Braun
|
0-0: Ball 1-0: SOLO HOME RUN (Flyball, 7D, EV 93.8 MPH), Distance : 364 ft
|
Batting: SHB Luis Quinones
|
0-0: Ball 1-0: Fly out, F9 (Flyball, 9, EV 75.6 MPH)
|
Batting: RHB Bob E Johnson
|
0-0: Ball 1-0: Called Strike 1-1: Swinging Strike 1-2: Ball 2-2: Ball 3-2: Fly out, F9 (Flyball, 9, EV 83.8 MPH)
|
Bottom of the 5th over - 1 run, 1 hit, 0 errors, 0 left on base; Wichita 4 - Tulsa 1 |
TOP OF THE 6TH |
Wichita Aeros batting - Pitching for Tulsa Drillers : RHP Alex Mazariegos
|
Batting: RHB Gary House
|
0-0: Swinging Strike 0-1: Foul Ball, location: 2F 0-2: Ball 1-2: Strikes out swinging
|
Batting: LHB Jesus Ramos
|
0-0: Ground out 3-1 (Groundball, 34S, EV 80.0 MPH)
|
Batting: RHB Bill Hayes
|
0-0: Foul Ball, location: 2F 0-1: Foul Ball, location: 2F 0-2: Foul Ball, location: 2F 0-2: Foul Ball, location: 2F 0-2: Foul Ball, location: 2F 0-2: Ball 1-2: Ball 2-2: Foul Ball, location: 2F 2-2: Hit by Pitch
|
Batting: RHB Victor Mabee
|
0-0: Called Strike 0-1: Called Strike 0-2: Strikes out swinging
|
Top of the 6th over - 0 runs, 0 hits, 0 errors, 1 left on base; Wichita 4 - Tulsa 1 |
BOTTOM OF THE 6TH |
Tulsa Drillers batting - Pitching for Wichita Aeros : RHP Brent Gaff
|
Batting: RHB Don Ruzek
|
0-0: Swinging Strike 0-1: Ball 1-1: Fly out, F9 (Flyball, 89XD, EV 101.3 MPH)
|
Batting: RHB Nick Belmonte
|
0-0: Fly out, F9 (Flyball, 89D, EV 108.1 MPH)
|
Batting: SHB Paul Householder
|
0-0: Ball 1-0: Ground out 6-3 (Groundball, 6D, EV 101.3 MPH)
|
Bottom of the 6th over - 0 runs, 0 hits, 0 errors, 0 left on base; Wichita 4 - Tulsa 1 |
TOP OF THE 7TH |
Wichita Aeros batting - Pitching for Tulsa Drillers : RHP Alex Mazariegos
|
Batting: SHB Gary Pettis
|
0-0: Ball 1-0: Foul Ball, location: 2F 1-1: Called Strike 1-2: Ground out 4-3 (Groundball, 4, EV 83.1 MPH)
|
Batting: RHB Greg Cypret
|
0-0: Ball 1-0: Foul Ball, location: 2F 1-1: Ball 2-1: Swinging Strike 2-2: Foul Ball, location: 2F 2-2: Foul Ball, location: 2F 2-2: Foul Ball, location: 2F 2-2: Foul Ball, location: 2F 2-2: SINGLE (Line Drive, 4MD, EV 104.4 MPH)
|
Batting: LHB Michael Barnes
|
0-0: Ball 1-0: Ball 2-0: Called Strike 2-1: Foul Ball, location: 2F 2-2: Ball 3-2: Foul Ball, location: 2F 3-2: Base on Balls Greg Cypret to second
|
Batting: LHB Omar Guerrero
|
0-0: Foul Ball, location: 2F 0-1: Ball 1-1: Fly out, F7 (Flyball, 78S, EV 80.0 MPH)
|
Batting: LHB James Pellack
|
0-0: Ball 1-0: Ball 2-0: Foul Ball, location: 2F 2-1: Foul Ball, location: 2F 2-2: Fly out, F9 (Flyball, 9LM, EV 83.8 MPH)
|
Top of the 7th over - 0 runs, 1 hit, 0 errors, 2 left on base; Wichita 4 - Tulsa 1 |
BOTTOM OF THE 7TH |
Tulsa Drillers batting - Pitching for Wichita Aeros : RHP Brent Gaff
|
Batting: RHB Victor Rios
|
0-0: Fly out, F8 (Line Drive, 8LD, EV 93.1 MPH)
|
Batting: LHB Jim Adduci
|
0-0: Ball 1-0: Ball 2-0: Called Strike 2-1: Swinging Strike 2-2: Foul Ball, location: 2F 2-2: Fly out, F8 (Flyball, 8LD, EV 89.4 MPH)
|
Batting: LHB Mike Pagliarulo
|
0-0: Swinging Strike 0-1: Swinging Strike 0-2: Ball 1-2: Foul Ball, location: 2F 1-2: Ball 2-2: Strikes out looking
|
Bottom of the 7th over - 0 runs, 0 hits, 0 errors, 0 left on base; Wichita 4 - Tulsa 1 |
TOP OF THE 8TH |
Wichita Aeros batting - Pitching for Tulsa Drillers : RHP Alex Mazariegos
|
Batting: RHB Gary House
|
0-0: Called Strike 0-1: Called Strike 0-2: Foul Ball, location: 2F 0-2: SINGLE (Groundball, 6D, EV 101.9 MPH)
|
Batting: LHB Jesus Ramos
|
0-0: Bunted foul 0-1: Bunt missed! 0-2: Fielders Choice at 2nd, 6-4 (Groundball, 6, EV 102.5 MPH)
|
Batting: RHB Bill Hayes
|
0-0: Ball 1-0: Swinging Strike 1-1: Called Strike 1-2: Strikes out swinging
|
Batting: RHB Victor Mabee
|
0-0: Ground out 4-3 (Groundball, 34, EV 85.0 MPH)
|
Top of the 8th over - 0 runs, 1 hit, 0 errors, 1 left on base; Wichita 4 - Tulsa 1 |
BOTTOM OF THE 8TH |
Tulsa Drillers batting - Pitching for Wichita Aeros : RHP Brent Gaff
|
Batting: LHB Randy Braun
|
0-0: Foul Ball, location: 2F 0-1: Called Strike 0-2: SINGLE (Groundball, 6D, EV 101.3 MPH)
|
Batting: SHB Luis Quinones
|
0-0: Fly out, F8 (Line Drive, 8LD, EV 109.4 MPH)
|
Batting: RHB Bob E Johnson
|
0-0: Called Strike 0-1: Ball 1-1: Foul Ball, location: 2F 1-2: Fielders Choice at 2nd, 2-4 (Groundball, 2L, EV 70.6 MPH)
|
Batting: RHB Don Ruzek
|
0-0: Ball 1-0: Foul Ball, location: 2F 1-1: SINGLE (Groundball, 56S, EV 71.3 MPH) (infield hit) Bob E Johnson to second
|
Batting: RHB Nick Belmonte
|
0-0: Foul Ball, location: 2F 0-1: Fielders Choice at 2nd, 6-4 (Groundball, 6, EV 88.1 MPH)
|
Bottom of the 8th over - 0 runs, 2 hits, 0 errors, 2 left on base; Wichita 4 - Tulsa 1 |
TOP OF THE 9TH |
Wichita Aeros batting - Pitching for Tulsa Drillers : RHP Alex Mazariegos
|
Batting: SHB Gary Pettis
|
0-0: Called Strike
|
|
|
|
0-1: Ball 1-1: Swinging Strike 1-2: Ball 2-2: Foul Ball, location: 2F 2-2: Foul Ball, location: 2F 2-2: Foul Ball, location: 2F 2-2: Foul Ball, location: 2F 2-2: Fly out, F8 (Flyball, 8LD, EV 103.1 MPH)
|
Batting: RHB Greg Cypret
|
0-0: Ball 1-0: Called Strike 1-1: Foul Ball, location: 2F 1-2: Ball 2-2: Ball 3-2: Foul Ball, location: 2F 3-2: Strikes out looking
|
Batting: LHB Michael Barnes
|
0-0: Called Strike 0-1: Ball 1-1: Ball 2-1: Swinging Strike 2-2: Fly out, F8 (Flyball, 8LM, EV 95.0 MPH)
|
Top of the 9th over - 0 runs, 0 hits, 0 errors, 0 left on base; Wichita 4 - Tulsa 1 |
BOTTOM OF THE 9TH |
Tulsa Drillers batting - Pitching for Wichita Aeros : RHP Brent Gaff
|
Batting: SHB Paul Householder
|
0-0: Ball 1-0: Bunted foul 1-1: Fly out, F7 (Flyball, 7, EV 89.4 MPH)
|
Batting: RHB Victor Rios
|
0-0: Ball 1-0: Foul Ball, location: 2F 1-1: Ground out 6-3 (Groundball, 6, EV 105.6 MPH)
|
Batting: LHB Jim Adduci
|
0-0: Ball 1-0: Ball 2-0: DOUBLE (Line Drive, 5D, EV 103.8 MPH)
|
Batting: LHB Mike Pagliarulo
|
0-0: Ground out 5-3 (Groundball, 56S, EV 81.9 MPH)
|
Bottom of the 9th over - 0 runs, 1 hit, 0 errors, 1 left on base; Wichita 4 - Tulsa 1 |
 |
Wednesday, July 22nd, 2020 - OOTP Baseball 21.4 Build 63
|
|